 Dungeon Sprint DCSS version 0.19.5 (webtiles) character file.

23433 dwjmeijer the Imperceptible (level 12, -3/51 HPs)
             Began as a Spriggan Enchanter on Apr 29, 2017.
             Was the Champion of Zin.
             Killed from afar by a fire giant (15 damage)
             ... with a bolt of fire
             ... in the Dungeon (Sprint I: "Red Sonja").
             The game lasted 00:41:50 (3060 turns).

dwjmeijer the Imperceptible (Spriggan Enchanter)    Turns: 3060, Time: 00:41:52

Health: -3/51      AC:  4    Str:  4    XL:     12   Next: 71%
Magic:  27/35      EV: 39    Int: 13    God:    Zin [******]
Gold:   2196       SH:  0    Dex: 26    Spells: 4 memorised, 20 levels left

rFire  + . .     SeeInvis +     i - +2 dagger (speed)
rCold  . . .     Gourm    .     k - +2 robe {MR+}
rNeg   . . .     Faith    .     (shield restricted)
rPois  +         Spirit   .     (helmet restricted)
rElec  .         Reflect  .     (no cloak)
rCorr  .         Harm     .     (gloves unavailable)
MR     +++..     NoTele   +     (boots unavailable)
Stlth  +++++++++.               v - amulet of regeneration
                                x - ring "Quuli" {rPois rF+ MP+9 Int-4 Dex+2}
                                w - +3 ring of dexterity

@: very quick
A: unfitting armour, see invisible, herbivore 3, speed 3, slow metabolism 2
a: Recite, Vitalisation, Imprison, Sanctuary, Donate Gold, Cure All Mutations,
Renounce Religion


You were in the Dungeon.
You worshipped Zin.
Zin was exalted by your worship.
You were not hungry.

You visited 1 branch You collected 3251 gold pieces.
You spent 1023 gold pieces at shops.
You donated 32 gold pieces to Zin.

Inventory:

Hand Weapons
 a - a +1 dagger
 i - a +2 dagger of speed (weapon)
Armour
 b - a +1 robe
 k - a +2 robe of magic resistance (worn)
Jewellery
 v - an amulet of regeneration (around neck)
 w - a +3 ring of dexterity (left hand)
 x - the ring "Quuli" (right hand) {rPois rF+ MP+9 Int-4 Dex+2}
   (You bought it in a shop in the Dungeon)

   [ring of magical power]

   It affects your intelligence (-4).
   It affects your dexterity (+2).
   It protects you from fire.
   It protects you from poison.
   It affects your magic capacity (+9).
 B - an uncursed amulet of rage
Scrolls
 j - a scroll of blinking
 l - a scroll of enchant weapon {unknown}
 m - 2 scrolls of immolation {unknown}
 o - a scroll of magic mapping {unknown}
 q - a scroll of random uselessness {unknown}
 r - 2 scrolls of remove curse {unknown}
 s - 2 scrolls of identify
 u - a scroll of enchant armour {unknown}
 D - a scroll of recharging {unknown}
Potions
 e - 4 potions of curing
 g - a potion of haste
 h - 2 potions of magic
 n - a potion of beneficial mutation {unknown}
 p - a potion of invisibility {unknown}
 C - 2 potions of degeneration {unknown}
Books
 c - a book of Maledictions

   Spells                             Type                      Level
   a - Corona                         Hexes                        1
   b - Ensorcelled Hibernation        Hexes/Ice                    2
   c - Confuse                        Hexes                        3
   d - Tukima's Dance                 Hexes                        3
   e - Dazzling Spray                 Conjuration/Hexes            3
 y - Sif Muna's Compendium of Cankerous Conjuration
   (You found it in the Dungeon)

   Spells                             Type                      Level
   a - Flame Tongue                   Conjuration/Fire             1
   b - Ignite Poison                  Fire/Transmutation/Poison    3
   c - Force Lance                    Conjuration/Translocation    4
   d - Conjure Ball Lightning         Conjuration/Air              6
   e - Freezing Cloud                 Conjuration/Ice/Air          6
Miscellaneous
 t - a lamp of fire
Comestibles
 d - 2 bread rations
 A - 3 fruits


   Skills:
 - Level 10.0 Short Blades
 + Level 20.2 Dodging
 + Level 23.5 Stealth
 - Level 9.2 Spellcasting
 + Level 19.1 Hexes
 + Level 14.0 Invocations


You had 20 spell levels left.
You knew the following spells:

 Your Spells              Type           Power        Failure   Level  Hunger
a - Corona                Hex            ######.      0%          1    None
b - Ensorcelled Hibernat  Hex/Ice        ####..       1%          2    None
c - Confuse               Hex            ######..     0%          3    ##.....
d - Dazzling Spray        Conj/Hex       ####..       1%          3    ##.....


Dungeon Overview and Level Annotations

Branches:
Dungeon (1/1)

Altars:
Cheibriados
Dithmenos
Elyvilon
Fedhas
Gozag
Hepliaklqana
Kikubaaqudgha
Makhleb
Nemelex Xobeh
Okawaru
Qazlal
Ru
Sif Muna
Trog
Uskayaw
Vehumet
Xom
Yredelemnul
Zin
The Shining One
Jiyva
Lugonu

Shops:
D }*%(%=([((((*(*(=!=[%}


Innate Abilities, Weirdness & Mutations

You are very small and have problems with some larger weapons.
You are too small for most types of armour.
You have supernaturally acute eyesight. (SInv)
You are a herbivore.
You cover ground extremely quickly.
You need consume almost no food.


Message History

You skewer the fire giant like a kebab!!!!!
You kill the fire giant!
Your Hexes skill increases to level 19!
Your Invocations skill increases to level 14!
Casting: Ensorcelled Hibernation
Confirm with . or Enter, or press ? or * to list all spells.
Aiming: Ensorcelled Hibernation
Press: ? - help, Shift-Dir - straight line, f - fire giant
Aim: a fire giant, wielding a great sword of flaming (chance to defeat MR: 13%)
The fire giant resists with almost no effort.
The fire giant hits you with a great sword of flaming!!
The fire giant burns you. The fire giant casts a spell at you.
The bolt of fire hits the fire giant.
The fire giant resists.
The bolt of fire hits you! You resist.
* * * LOW HITPOINT WARNING * * *
The fire giant casts a spell at you.
The bolt of fire hits the fire giant.
The fire giant resists.
The bolt of fire hits you! You resist.
You die... ###.'.#^.^###++##§##..$#..≈##.§§§ #.###.#..###.§###..#+###..≈#.§§§§ '.∩##.#^.# ##§$ ##...# ≈..##..§§§ #####§##'# #?$ ###.#M≈..#.§§§.. ...##§##)# $$$$ #.###..#..§..[ ....+§#### $$$$

#.# +.y##..... #####§#
$$$$$####'# ##'##.....
..§§#.# ###....#
##....
.§§#§§#!?(#####.@.####
##...
..≈####%...C)C..###
#### .≈≈# ?$...C#####
≈≈## ).... ### ....
'### $$$ #∩∩# ## ∩∩##
≈ ###


You could see 3 fire giants.

Vanquished Creatures
  A golden dragon (D)
  A shadow dragon (D)
  A fire giant (D)
  A lorocyproca (D)
  A hydra (D)
  2 centaur warriors (D)
  Sonja (D)
  7 unseen horrors (D)
  A deep troll (D)
  A lindwurm (D)
  8 shining eyes (D)
  An oklob plant (D)
  A gargoyle (D)
  2 kobold demonologists (D)
  4 demonic crawlers (D)
  A hornet (D)
  A slime creature (D)
  Sigmund (D)
  2 redbacks (D)
  A yak (D)
  13 hogs (D)
  7 floating eyes (D)
  7 necrophages (D)
  An ogre (D)
  8 jellies (D)
  Ijyb (D)
  A pillar of salt (D)
77 creatures vanquished.

Vanquished Creatures (others)
  2 sirens (D)
  A gargoyle (D)
  A hellwing (D)
  3 hornets (D)
  2 ballistomycete spores (D)
9 creatures vanquished.

Grand Total: 86 creatures vanquished

Notes
Turn   | Place    | Note
-------+----------+-------------------------------------------
     0 | D        | dwjmeijer the Spriggan Enchanter began the quest for the Orb.
     0 | D        | Reached XP level 1. HP: 9/9 MP: 5/5
     2 | D        | Noticed Ijyb
    14 | D        | Killed Ijyb
    14 | D        | Reached skill level 6 in Stealth
    14 | D        | Reached skill level 5 in Hexes
    14 | D        | Reached XP level 2. HP: 13/13 MP: 5/8
    56 | D        | Learned a level 2 spell: Ensorcelled Hibernation
    58 | D        | Noticed an ogre
    61 | D        | Killed an ogre
    61 | D        | Reached skill level 9 in Stealth
    61 | D        | Reached XP level 3. HP: 15/16 MP: 7/12
    61 | D        | Reached XP level 4. HP: 19/21 MP: 7/13
   113 | D        | Learned a level 3 spell: Confuse
   117 | D        | Learned a level 3 spell: Dazzling Spray
   118 | D        | Noticed Sigmund
   120 | D        | Killed Sigmund
   120 | D        | Reached skill level 11 in Stealth
   120 | D        | Reached XP level 5. HP: 24/24 MP: 14/17
   143 | D        | Found a deep blue altar of Sif Muna.
   145 | D        | Found a radiant altar of Vehumet.
   149 | D        | Reached skill level 12 in Stealth
   149 | D        | Reached XP level 6. HP: 28/28 MP: 16/19
   178 | D        | Found Empaseen's Antique Weapon Emporium.
   178 | D        | Found an ancient bone altar of Kikubaaqudgha.
   178 | D        | Found a hazy altar of Hepliaklqana.
   178 | D        | Found a hide-covered altar of Uskayaw.
   178 | D        | Found a basalt altar of Yredelemnul.
   178 | D        | Found an opulent altar of Gozag.
   178 | D        | Found a snail-covered altar of Cheibriados.
   178 | D        | Found a sacrificial altar of Ru.
   178 | D        | Found a shadowy altar of Dithmenos.
   178 | D        | Noticed a yak
   179 | D        | Found a stormy altar of Qazlal.
   179 | D        | Found a blossoming altar of Fedhas.
   179 | D        | Found a bloodstained altar of Trog.
   179 | D        | Found an iron altar of Okawaru.
   179 | D        | Found a glowing golden altar of the Shining One.
   179 | D        | Found a glowing silver altar of Zin.
   179 | D        | Found a white marble altar of Elyvilon.
   180 | D        | Killed a yak
   180 | D        | Reached skill level 5 in Dodging
   180 | D        | Reached skill level 10 in Hexes
   181 | D        | Found a sparkling altar of Nemelex Xobeh.
   187 | D        | Became a worshipper of Zin the Law-Giver
   187 | D        | Reached * piety under Zin
   187 | D        | Reached ** piety under Zin
   187 | D        | Reached *** piety under Zin
   187 | D        | Reached **** piety under Zin
   187 | D        | Reached ***** piety under Zin
   187 | D        | Reached ****** piety under Zin
   195 | D        | Noticed Sonja
   199 | D        | Killed Sonja
   199 | D        | Reached skill level 14 in Stealth
   199 | D        | Reached XP level 7. HP: 32/32 MP: 20/20
   212 | D        | Noticed a deep troll
   218 | D        | Killed a deep troll
   218 | D        | Reached skill level 10 in Dodging
   218 | D        | Reached skill level 15 in Stealth
   218 | D        | Reached XP level 8. HP: 36/36 MP: 19/22
   228 | D        | Found Duchuvai's Armour Emporium.
   261 | D        | Found Atacsymo's Gadget Boutique.
   440 | D        | Noticed a shining eye
   440 | D        | Noticed a shining eye
   440 | D        | Noticed a shining eye
   440 | D        | Noticed a shining eye
   440 | D        | Noticed a shining eye
   440 | D        | Noticed a shining eye
   443 | D        | Noticed a shining eye
   443 | D        | Noticed a shining eye
   445 | D        | Killed a shining eye
   445 | D        | Reached XP level 9. HP: 39/39 MP: 23/23
   447 | D        | Killed a shining eye
   447 | D        | Reached skill level 16 in Stealth
   447 | D        | Reached skill level 5 in Invocations
   451 | D        | Paralysed by a floating eye for 2 turns
   460 | D        | Killed a shining eye
   486 | D        | Killed a shining eye
   486 | D        | Reached skill level 10 in Short Blades
   486 | D        | Reached skill level 17 in Stealth
   555 | D        | Killed a shining eye
   555 | D        | Reached XP level 10. HP: 44/44 MP: 24/24
   564 | D        | Killed a shining eye
   580 | D        | Killed a shining eye
   580 | D        | Reached skill level 18 in Stealth
   634 | D        | Killed a shining eye
   637 | D        | Found Viat's General Store.
   637 | D        | Found Qatat's Jewellery Boutique.
   637 | D        | Found Telor's Food Emporium.
   638 | D        | Found Miarr's Food Shop.
   875 | D        | Killed a gargoyle
   971 | D        | Found a burning altar of Makhleb.
   971 | D        | Found a viscous altar of Jiyva.
   971 | D        | Found a shimmering altar of Xom.
   971 | D        | Found a corrupted altar of Lugonu.
   990 | D        | Reached skill level 15 in Hexes
  1022 | D        | Noticed a centaur warrior
  1022 | D        | Noticed a centaur warrior
  1025 | D        | Killed a centaur warrior
  1025 | D        | Reached skill level 15 in Dodging
  1026 | D        | Killed a centaur warrior
  1026 | D        | Reached skill level 19 in Stealth
  1053 | D        | Noticed an oklob plant
  1055 | D        | Killed an oklob plant
  1062 | D        | Reached XP level 11. HP: 47/47 MP: 21/25
  1064 | D        | Reached skill level 10 in Invocations
  1101 | D        | Noticed an unseen horror
  1101 | D        | Noticed an unseen horror
  1107 | D        | Killed an unseen horror
  1109 | D        | Killed an unseen horror
  1109 | D        | Reached skill level 20 in Stealth
  1234 | D        | Paralysed by a floating eye for 2 turns
  1287 | D        | Found Qerch's Armour Shoppe.
  1287 | D        | Found Ingiengi's Weapon Shop.
  1287 | D        | Found Zubios's Antique Weapon Boutique.
  1289 | D        | Found Caut's Weapon Emporium.
  1289 | D        | Found Hossecs's Antique Weapon Shop.
  1289 | D        | Found Coesog's Antique Weapon Shoppe.
  1289 | D        | Found Humuep's General Store.
  1289 | D        | Found Ecri Weg's Weapon Emporium.
  1289 | D        | Found Fuapuem's Assorted Antiques.
  1289 | D        | Found Lusmiun's Weapon Shoppe.
  1292 | D        | Found Xuumenia's Jewellery Boutique.
  1293 | D        | Found Tiavomn's Jewellery Emporium.
  1293 | D        | Found Beezec's Distillery.
  1294 | D        | Found Innus's Food Emporium.
  1318 | D        | Bought an uncursed amulet of regeneration for 390 gold pieces
  1323 | D        | Bought a +3 ring of dexterity for 157 gold pieces
  1325 | D        | Bought the ring "Quuli" {rPois rF+ MP+9 Int-4 Dex+2} for 476 gold pieces
  1604 | D        | Noticed a lorocyproca
  1611 | D        | Killed a lorocyproca
  1717 | D        | Noticed a lindwurm
  1733 | D        | Killed a lindwurm
  1733 | D        | Reached skill level 21 in Stealth
  2210 | D        | Noticed a 12-headed hydra
  2212 | D        | Killed a 12-headed hydra
  2226 | D        | Noticed a deep elf annihilator
  2309 | D        | Noticed a shadow dragon
  2311 | D        | Noticed a golden dragon
  2314 | D        | Killed a shadow dragon
  2314 | D        | Reached skill level 22 in Stealth
  2314 | D        | Reached XP level 12. HP: 51/51 MP: 26/26
  2315 | D        | Identified Sif Muna's Compendium of Cankerous Conjuration
  2316 | D        | Killed a golden dragon
  2397 | D        | Found Ogagen's Gadget Shoppe.
  2849 | D        | Noticed a mummy priest
  2991 | D        | Noticed a daeva
  2999 | D        | Reached skill level 23 in Stealth
  3044 | D        | Noticed a fire giant
  3047 | D        | Noticed a fire giant
  3048 | D        | Noticed a fire giant
  3049 | D        | Noticed a fire giant
  3056 | D        | Killed a fire giant
  3060 | D        | Killed from afar by a fire giant

Skill      XL: |  1  2  3  4  5  6  7  8  9 10 11 12 |
---------------+-------------------------------------+-----
Stealth        | 6 9 11 12 14 15 17 19 22 23 | 23.5
Spellcasting   | 4 6 8 9 |  9.2
Hexes          | 5 7 9 11 12 14 15 17 19 | 19.1
Short Blades   | 6 7 8 10 | 10.0
Dodging        | 9 10 11 13 15 18 20 | 20.2
Invocations    | 3 4 7 9 12 14 | 14.0

Action                   |  1- 3 |  4- 6 |  7- 9 | 10-12 || total
-------------------------+-------+-------+-------+-------++-------
Melee: Dagger            |    13 |     4 |    99 |   291 ||   407
 Cast: Ensorcelled Hiber |     1 |     1 |     2 |    42 ||    46
       Confuse           |       |       |       |    11 ||    11
       Dazzling Spray    |       |       |       |     8 ||     8
Invok: Recite            |       |       |     1 |     8 ||     9
       Vitalisation      |       |       |       |     2 ||     2
       Imprison          |       |       |       |     1 ||     1
  Use: Potion            |     1 |       |       |     1 ||     2
       Scroll            |       |       |       |     1 ||     1
 Stab: Sleeping          |     1 |     4 |     8 |    41 ||    54
       Confused          |       |       |       |     5 ||     5
       Invisible         |       |       |       |     4 ||     4
  Eat: Pizza             |       |       |       |     1 ||     1
Armor: Robe              |       |       |       |     6 ||     6
       Gold dragon scale |       |       |       |     1 ||     1
Dodge: Dodged            |     6 |       |     3 |   174 ||   183
